 Dungeon Crawl Stone Soup version 0.32-a0-705-g60f2335 (webtiles) character file.

Game seed: 17285494762135291807

3823 Toastz the Basher (level 9, -3/79 HPs)
             Began as a Mountain Dwarf Fighter on Mar 14, 2024.
             Was a Priest of Nemelex Xobeh.
             Slain by a troll (6 damage)
             ... on level 9 of the Dungeon.
             The game lasted 00:15:24 (7809 turns).

Toastz the Basher (Mountain Dwarf Fighter)          Turns: 7809, Time: 00:15:25

Health: -3/79      AC: 14    Str: 23    XL:     9   Next: 97%
Magic:  13/13      EV: 10    Int:  9    God:    Nemelex Xobeh [***...]
Gold:   206        SH:  6    Dex: 15    Spells: 8/8 levels left

rFire   . . .        a - +2 flail (heavy)
rCold   . . .        c - +0 buckler
rNeg    . . .        u - +2 ring mail {rPois}
rPois   +            m - +0 helmet
rElec   .            I - +2 cloak
rCorr   .            (no gloves)
SInv    .            n - +0 pair of boots
Will    .....        E - amulet of the acrobat
Stlth   +            e - +6 ring of dexterity
HPRegen 0.33/turn    (no ring)
MPRegen 0.13/turn

%: acrobat
@: no status effects
A: runic magic, artefact enchanting
a: Renounce Religion, Draw Escape, Draw Destruction, Draw Summoning, Triple Draw


You were on level 9 of the Dungeon.
You worshipped Nemelex Xobeh.
Nemelex Xobeh was most pleased with you.
You visited 2 branches of the dungeon, and saw 10 of its levels.

You collected 420 gold pieces.
You spent 214 gold pieces at shops.

Inventory:

Hand Weapons
 a - a +2 heavy flail (weapon)
 b - the +4 whip "Hiatali" {antimagic, Int+5}
   (You took it off a gnoll bouda on level 3 of the Dungeon)

   Int+5:     It affects your intelligence (+5).
 G - a +1 whip of venom
Missiles
 v - 4 boomerangs (quivered)
 x - 31 poisoned darts
 J - 2 throwing nets
Armour
 c - a +0 buckler (worn)
 m - a +0 helmet (worn)
 n - a +0 pair of boots (worn)
 u - a +2 ring mail of poison resistance (worn)
 I - a +2 cloak (worn)
Jewellery
 e - a +6 ring of dexterity (left hand)
 E - an amulet of the acrobat (around neck)
Wands
 f - a wand of digging (2)
 w - a wand of paralysis (10)
 y - a wand of mindburst (16)
 K - a wand of polymorph (14)
Scrolls
 i - a scroll of vulnerability
 o - 3 scrolls of fear
 q - 2 scrolls of immolation
 r - a scroll of enchant weapon {unknown}
 s - 2 scrolls of amnesia
 t - 3 scrolls of poison
 F - a scroll of blinking {unknown}
 H - a scroll of noise {unknown}
Potions
 d - 2 potions of might
 g - 3 potions of brilliance
 h - a potion of ambrosia {unknown}
 j - a potion of lignification {unknown}
 k - a potion of resistance {unknown}
 l - 6 potions of curing
 p - a potion of mutation
 z - a potion of heal wounds {unknown}
 A - a potion of haste {unknown}
 B - 2 potions of attraction {unknown}
 C - 4 potions of cancellation {unknown}
 D - a potion of enlightenment {unknown}
 L - a potion of berserk rage {unknown}


   Skills:
 + Level 7.2 Fighting
 * Level 10.3 Maces & Flails
 + Level 7.3 Armour
 + Level 2.1 Dodging
 - Level 7.0 Shields
 + Level 6.1 Invocations


You had 8 spell levels left.
You didn't know any spells.
Your spell library contained the following spells:

 Spells                   Type           Power      Damage    Failure   Level
 Apportation              Tloc           0%         N/A       45%         1
 Necrotise                Necr           0%         1d4       45%         1
 Sting                    Conj/Alch      0%         1d3       45%         1
 Summon Small Mammal      Summ           0%         N/A       45%         1
 Call Imp                 Summ           0%         N/A       61%         2
 Mercury Vapours          Alch/Air       0%         N/A       61%         2
 Sublimation of Blood     Necr           0%         N/A       61%         2
 Fugue of the Fallen      Necr           0%         N/A       83%         3
 Mephitic Cloud           Conj/Alch/Air  0%         N/A       83%         3
 Ozocubu's Armour         Ice            0%         N/A       83%         3
 Tukima's Dance           Hex            0%         N/A       83%         3
 Animate Armour           Summ/Erth      0%         N/A       99%         4
 Dimensional Bullseye     Hex/Tloc       0%         N/A       99%         4
 Iskenderun's Mystic Bla  Conj/Tloc      0%         2d3       99%         4
 Manifold Assault         Tloc           0%         N/A       99%         4
 Summon Lightning Spire   Summ/Air       0%         N/A       99%         4
 Freezing Cloud           Conj/Ice/Air   0%         6-21      100%        5
 Lee's Rapid Deconstruct  Erth           0%         3d4*      100%        5
 Summon Hydra             Summ           0%         N/A       100%        7


Dungeon Overview and Level Annotations

Branches:
Dungeon (9/15)             Temple (1/1) D:4
   Lair: D:8-11         Orc: D:9-12

Altars:
Ashenzari
Cheibriados
Dithmenos
Elyvilon
Fedhas
Gozag
Hepliaklqana
Kikubaaqudgha
Makhleb
Nemelex Xobeh
Okawaru
Qazlal
Sif Muna
Trog
Uskayaw
Vehumet
Wu Jian
Xom
Yredelemnul
Zin
The Shining One

Shops:
D:1 :   D:6 (   D:7 *


Innate Abilities, Weirdness & Mutations

Your spellcasting is much less encumbered by armour.
You can use scrolls of enchantment on lesser artefacts.


Message History

The orc warrior is almost dead.
The bolt of negative energy hits the troll!!
The troll is drained!
The troll is severely wounded.
You hear an angry buzzing noise.
You block the orc warrior's attack.
You closely miss the orc warrior.
The orc warrior is almost dead.
The orc warrior closely misses you.
You closely miss the orc warrior.
The orc warrior is almost dead.
The troll bites you but does no damage. The troll claws you.
The troll misses you. You block the orc warrior's attack.
You sock the orc warrior!
You kill the orc warrior!
The troll bites you but does no damage. The troll claws you.
The troll claws you!
* * * LOW HITPOINT WARNING * * *
The troll barely misses you. You block the troll's attack. x2
You sock the troll!
The troll is almost dead.
The troll bites you.
* * * LOW HITPOINT WARNING * * *
The troll claws you.
* * * LOW HITPOINT WARNING * * *
The troll claws you but does no damage.
A killer bee comes into view.
You closely miss the troll.
The troll is almost dead.
The killer bee buzzes angrily.
The troll bites you but does no damage. The troll barely misses you.
The troll claws you but does no damage. The troll bites you.
* * * LOW HITPOINT WARNING * * *
The troll claws you but does no damage. The troll claws you!
* * * LOW HITPOINT WARNING * * *
You draw a card...
You have drawn the Tomb.
Walls emerge from the floor!
The killer bee stings you but does no damage.
The troll bites you.
You die...
Your body glows slightly and disappears.

... #.........#
.. ...........#
. ..#########.#
... #.# ...
########.# ...
.........# ....
.........#
....#########.##
........T@y....#
.......[###....#
#######.#####..#
#))).##..#
###T#.#..#
#..#..# ###..#
...# .##


You could see a troll (drained) and a killer bee.

Vanquished Creatures
  A kobold demonologist (D:9)
  Maggie (D:8)
  A hornet (D:4)
  6 yaks (D:8)
  A steam dragon (D:6)
  An acid dragon (D:8)
  A water moccasin (D:7)
  An orc warrior (D:9)
  An ice beast (D:7)
  A centaur (D:6)
  2 kobold brigands
  5 bullfrogs
  2 gnoll sergeants
  3 scorpions
  A jelly (D:6)
  A bombardier beetle (D:5)
  2 hounds
  2 iguanas
  4 orc priests
  Ijyb (D:5)
  A gnoll bouda (D:3)
  A sleepcap (D:6)
  2 orc wizards (D:6)
  22 gnolls
  7 adders
  2 shadow imps
  A white imp (D:5)
  4 ufetubi (D:6)
  8 dart slugs
  A ribbon worm (D:2)
  30 orcs
  5 endoplasms
  5 giant cockroaches
  6 goblins
  8 hobgoblins
  4 jackals (D:2)
  12 kobolds
  A quokka (D:3)
  4 ball pythons
  5 bats
  2 frilled lizards
  2 rats
171 creatures vanquished.

Vanquished Creatures (others)
  A kobold (D:1)
1 creature vanquished.

Grand Total: 172 creatures vanquished

Notes
Turn   | Place    | Note
-------+----------+-------------------------------------------
     0 | D:1      | Toastz the Mountain Dwarf Fighter began the quest for the
                  | Orb.
     0 | D:1      | Reached XP level 1. HP: 19/19 MP: 1/1
   106 | D:1      | Reached XP level 2. HP: 26/26 MP: 2/2
   152 | D:1      | Found Enlof's Vocational Training.
   227 | D:1      | Reached skill level 3 in Maces & Flails
   473 | D:1      | Reached XP level 3. HP: 31/31 MP: 3/3
  1499 | D:2      | Found a faded altar of an unknown god.
  1512 | D:2      | Found a faded altar of an unknown god.
  1554 | D:2      | Prayed at the altar of an unknown god.
  1554 | D:2      | Became a worshipper of the Shining One
  1554 | D:2      | Reached * piety under the Shining One
  1610 | D:2      | Reached XP level 4. HP: 36/40 MP: 4/4
  2037 | D:3      | Found a bloodstained altar of Trog.
  2045 | D:3      | Found a stormy altar of Qazlal.
  2050 | D:3      | Found a broken altar of Ashenzari.
  2058 | D:3      | Found a sparkling altar of Nemelex Xobeh.
  2067 | D:3      | Found an ornate altar of the Wu Jian Council.
  2074 | D:3      | Found an ancient bone altar of Kikubaaqudgha.
  2079 | D:3      | Found an iron altar of Okawaru.
  2118 | D:3      | Fell from the grace of the Shining One
  2118 | D:3      | Became a worshipper of Nemelex Xobeh the Trickster
  2149 | D:3      | Reached skill level 4 in Maces & Flails
  2361 | D:3      | Identified the +4 whip "Hiatali" {antimagic, Int+5}
  2377 | D:3      | Reached XP level 5. HP: 34/46 MP: 5/5
  2391 | D:3      | HP: 2/46 [gnoll/+0 halberd of freezing[a gnoll bouda] (2)]
  2853 | D:3      | Reached skill level 5 in Maces & Flails
  3284 | D:3      | Reached XP level 6. HP: 52/53 MP: 6/6
  3466 | D:4      | Noticed a hornet
  3476 | D:4      | Killed a hornet
  3548 | D:4      | Reached * piety under Nemelex Xobeh
  3548 | D:4      | Received a gift from Nemelex Xobeh
  3619 | D:4      | Found a staircase to the Ecumenical Temple.
  3628 | Temple   | Entered the Ecumenical Temple
  3672 | D:4      | Reached XP level 7. HP: 60/60 MP: 7/7
  3677 | D:4      | Reached skill level 6 in Maces & Flails
  3677 | D:4      | Reached skill level 1 in Dodging
  3901 | D:5      | Entered Level 5 of the Dungeon
  3938 | D:5      | Noticed Ijyb
  3942 | D:5      | Paralysed by Ijyb for 2 turns
  3949 | D:5      | Killed Ijyb
  4103 | D:5      | Reached skill level 5 in Armour
  4103 | D:5      | Reached skill level 1 in Invocations
  4249 | D:5      | Received a gift from Nemelex Xobeh
  4492 | D:5      | Reached skill level 5 in Fighting
  4646 | D:5      | Reached skill level 5 in Shields
  5033 | D:6      | Reached ** piety under Nemelex Xobeh
  5118 | D:6      | Reached skill level 7 in Maces & Flails
  5118 | D:6      | Reached XP level 8. HP: 60/68 MP: 9/9
  5293 | D:6      | Found Cuddaibri's Antique Weapon Shoppe.
  5976 | D:7      | Reached skill level 8 in Maces & Flails
  6052 | D:7      | Found Vackoeco's Neck Hole.
  6056 | D:7      | Bought a +2 cloak for 214 gold pieces
  6066 | D:7      | Identified the +3 war axe of Understanding {pain, *Noise
                  | rF+ rCorr Str+4 Int+2}
  6336 | D:7      | Received a gift from Nemelex Xobeh
  6555 | D:8      | Reached XP level 9. HP: 63/75 MP: 12/12
  6816 | D:8      | Noticed Maggie
  6829 | D:8      | Killed Maggie
  6830 | D:8      | Reached skill level 9 in Maces & Flails
  6906 | D:8      | Reached *** piety under Nemelex Xobeh
  7170 | D:8      | Reached skill level 5 in Invocations
  7290 | D:8      | Found a blossoming altar of Fedhas.
  7323 | D:8      | Reached skill level 10 in Maces & Flails
  7656 | D:9      | Noticed a kobold demonologist
  7675 | D:9      | Killed a kobold demonologist
  7796 | D:9      | Noticed a troll
  7808 | D:9      | HP: 3/79 [troll (8)]
  7809 | D:9      | Slain by a troll

Illustrated notes

Levels and vault maps discovered:
D:1:      minmay_arrival_solitary_statue, layout_basic, st_stairs_2,
          kennysheep_minor_cross, nicolae_shop_vocational
D:2:      layout_loops_corners, hellmonk_ecumenical_altar_the_god_not_taken,
          minmay_misc_feat_x
D:3:      layout_basic, grunt_temple_overflow_octagram, nicolae_grassy_gnolls
D:4:      layout_cave_pools, minmay_temple_entry_glass,
          nicolae_elevator_lobby_asterisk
D:5:      layout_basic, minmay_misc_feat_secret_circle, uniq_ijyb
D:6:      layout_loops_ring, serial_shops, shop_fountains
D:7:      layout_rooms, nicolae_shop_sticking_my_neck_out
D:8:      layout_loops_ring, mainiacjoe_overflow_brackets, uniq_maggie
D:9:      minmay_the_grid_3x3 [minmay_the_grid_spin_star, minmay_the_grid_box_x,
          minmay_the_grid_minigrid_small_alt, minmay_the_grid_dragon_a,
          minmay_the_grid_spikes, minmay_the_grid_stretched_grid,
          minmay_the_grid_garden, minmay_the_grid_large_cup,
          minmay_the_grid_prize_big_room], layout_long_grid, serial_shops,
          nicolae_shop_behind_doors, nicolae_shop_tiny_waterfront,
          nicolae_shop_window_shopping, nicolae_shop_just_a_little_nook,
          kennysheep_mini, corexii_checkpoint
Temple:   nicolae_temple_bog_church

Skill      XL: |  1  2  3  4  5  6  7  8  9 |
---------------+----------------------------+-----
Maces & Flails | 3 4 5 7 8 10 | 10.3
Armour         | 4 5 6 7 |  7.3
Fighting       | 4 5 6 7 |  7.2
Shields        | 4 5 6 7 |  7.0
Dodging        | 1 2 |  2.1
Invocations    | 2 4 6 |  6.1

Action                     |  1- 3 |  4- 6 |  7- 9 || total
---------------------------+-------+-------+-------++-------
  Melee: Flail             |    96 |   136 |   267 ||   499
         Whip              |       |     9 |    44 ||    53
 Invoke: Draw Destruction  |       |       |     2 ||     2
         Draw Escape       |       |       |     1 ||     1
    Use: Scroll            |       |     3 |     5 ||     8
 Armour: Scale mail        |    64 |   126 |       ||   190
         Ring mail         |       |    25 |   313 ||   338
  Dodge: Dodged            |    34 |    70 |   247 ||   351
  Block: Buckler           |    22 |    41 |   117 ||   180

Table legend: (Time is in decaauts)
 A = Elapsed time spent in this place.
 B = Non-inter-level travel time spent in this place.
 C = Inter-level travel time spent in this place.
 D = Time resting spent in this place.
 E = Time spent auto-exploring this place.
 F = Levels seen in this place.
 G = Mean time per level.
                   A        B        C        D        E       F      G
               +--------+--------+--------+--------+--------+-----+--------+
         Total |   8012 |   7764 |    248 |    803 |   5427 |  10 |  801.2 |
       Dungeon |   8010 |   7762 |    248 |    803 |   5427 |   9 |  890.0 |
        Temple |      1 |      1 |      0 |      0 |      0 |   1 |    1.0 |
               +--------+--------+--------+--------+--------+-----+--------+

Top non-repeatable levels by time:
     D:3: 1313 daAuts
     D:8: 1150 daAuts
     D:6: 1149 daAuts
     D:2: 1029 daAuts
     D:1: 979 daAuts
     D:5: 969 daAuts
     D:4: 656 daAuts
     D:7: 607 daAuts
     D:9: 155 daAuts
  Temple: 1 daAuts
